 Dungeon Crawl Stone Soup version 0.29-a0-565-g7a16c6de65 (webtiles) character file.

Game seed: 17238748599428778546

108 KristoblXynda the Skirmisher (level 4, 0/41 HPs)
             Began as a Draconian Monk on June 12, 2022.
             Frozen to death by an endoplasm (4 damage)
             ... in a sewer.
             The game lasted 00:02:38 (2216 turns).

KristoblXynda the Skirmisher (Draconian Monk)       Turns: 2216, Time: 00:02:40

Health: 0/41       AC:  5    Str: 16    XL:     4   Next: 58%
Magic:  4/4        EV: 13    Int: 10    God:
Gold:   119        SH:  0    Dex: 13    Spells: 3/3 levels left

rFire   . . .      SeeInvis .     - Unarmed
rCold   . . .      Faith    .   (no shield)
rNeg    . . .      Spirit   .   (body armour unavailable)
rPois   .          Reflect  .   (helmet restricted)
rElec   .          Harm     .   (no cloak)
rCorr   .          Rampage  .   (no gloves)
Will    .....                   (no boots)
Stlth   ++........              (no amulet)
HPRegen 0.13/turn               (no ring)
MPRegen 0.09/turn               (no ring)

@: slowed, very slow
A: AC +5, unfitting armour, cold-blooded
a: no special abilities


You were in a sewer.
You visited 1 branch of the dungeon, and saw 3 of its levels.
You also visited: Sewer.

You collected 145 gold pieces.
You spent 26 gold pieces at shops.

Inventory:

Jewellery
 d - an amulet of faith
 h - a ring of fire
Scrolls
 b - 3 scrolls of teleportation
 c - a scroll of blinking {unknown}
 e - a scroll of enchant armour {unknown}
 f - a scroll of poison {unknown}
Potions
 g - 2 potions of cancellation
 i - 2 potions of attraction
 j - a potion of berserk rage {unknown}


   Skills:
 + Level 4.3 Fighting
 + Level 3.6 Dodging
 - Level 1.7 Stealth
 + Level 3.9 Unarmed Combat


You had 3 spell levels left.
You didn't know any spells.
Your spell library was empty.

Dungeon Overview and Level Annotations

Branches:
Dungeon (3/15)              Sewer (1/1)

Altars:
Xom

Shops:
D:2 ?


Innate Abilities, Weirdness & Mutations

Your plain brown scales are hard. (AC +5)
You cannot fit into any form of body armour.
You are cold-blooded and may be slowed by cold attacks.


Message History

* * * LOW HITPOINT WARNING * * *
You feel yourself slow down.
You bump into the stone wall.
You feel yourself speed up. The river rat barely misses you.
The endoplasm barely misses you.
You bump into the stone wall.
The river rat bites you. The endoplasm barely misses you.
You bump into the stone wall.
The river rat bites you. The endoplasm completely misses you.
The river rat attacks as you move away! The river rat bites you.
* * * LOW HITPOINT WARNING * * *
You feel less invigorated.
You feel less confused. The river rat attacks as you move away!
The river rat bites you but does no damage.
The endoplasm attacks as you move away! The endoplasm barely misses you.
You barely miss the river rat. You tail-slap the river rat.
The river rat is almost dead.
The river rat misses you. The endoplasm freezes you.
You are frozen.
You hit the river rat.
You kill the river rat!
The endoplasm freezes you.
You are frozen.
* * * LOW HITPOINT WARNING * * *
You feel yourself slow down.
You hit the endoplasm.
The endoplasm is lightly wounded.
The endoplasm freezes you.
You are frozen.
* * * LOW HITPOINT WARNING * * *
You feel as though you will be slow longer.
You barely miss the endoplasm. The endoplasm hits you.
* * * LOW HITPOINT WARNING * * *
The endoplasm splashes around in the water.
The endoplasm hits you but does no damage.
The endoplasm freezes you.
You are frozen.
You die...

#......≈≈≈..≈#
#.≈########### #..#
#.≈# #..## ≈.
#≈..### #.≈.
#.≈...#########..≈..
##≈≈....J....≈≈.≈.≈#
####..@J...≈...####
#############


You could see 2 endoplasms.

Vanquished Creatures
  4 adders
  A river rat (Sewer)
  4 worms
  An orc (D:3)
  9 ball pythons
  8 endoplasms
  A giant cockroach (D:2)
  2 goblins
  3 hobgoblins
  A quokka (D:1)
  6 bats
  6 frilled lizards
  4 kobolds
  4 rats
54 creatures vanquished.

Vanquished Creatures (others)
  A plant (D:3)
1 creature vanquished.

Grand Total: 55 creatures vanquished

Notes
Turn   | Place    | Note
-------+----------+-------------------------------------------
     0 | D:1      | KristoblXynda the Draconian Monk began the quest for the
                  | Orb.
     0 | D:1      | Reached XP level 1. HP: 19/19 MP: 1/1
   238 | D:1      | Found a faded altar of an unknown god.
   314 | D:1      | Reached XP level 2. HP: 26/26 MP: 2/2
  1163 | D:2      | Found a shimmering altar of Xom.
  1269 | D:2      | Reached XP level 3. HP: 33/33 MP: 3/3
  1572 | D:2      | Reached skill level 4 in Fighting
  1648 | D:2      | Found Hamnercho's Magic Scroll Shoppe.
  1683 | D:2      | Bought a scroll of identify for 26 gold pieces
  1867 | D:2      | You fall into a shaft and drop 1 floor!
  1880 | D:3      | Reached XP level 4. HP: 40/40 MP: 4/4
  1997 | D:3      | Found a glowing drain.
  2028 | Sewer    | Entered a sewer
  2216 | Sewer    | Frozen to death by an endoplasm

Illustrated notes

Levels and vault maps discovered:
D:1:      ncdulo_lavacross, layout_basic, dreamdust_ecumenical_altar_statues,
          minmay_door_square
D:2:      layout_basic, basic_altar, serial_shops, nicolae_shop_window_shopping,
          hangedman_decor_lopped, minmay_pentomino_q4
D:3:      layout_loops_ring, cheibrodos_sewer_entry_bend, serial_bayou_pond_d
Sewer:    sewer_hellmonk_slimy_pipes

Skill      XL: |  1  2  3 |
---------------+----------+-----
Dodging        | 3 |  3.6
Fighting       | 4 |  4.3
Stealth        | |  1.7
Unarmed Combat | |  3.9

Action                   |  1- 3 |  4- 6 || total
-------------------------+-------+-------++-------
Melee: Unarmed           |   116 |    75 ||   191
       Tailslap          |    12 |     6 ||    18
       Punch             |     3 |     4 ||     7
  Use: Scroll            |     2 |     3 ||     5
       Potion            |       |     1 ||     1
 Stab: Sleeping          |     6 |     2 ||     8
Armor: Skin              |    32 |    11 ||    43
Dodge: Dodged            |    70 |    42 ||   112

Table legend: (Time is in decaauts)
 A = Elapsed time spent in this place.
 B = Non-inter-level travel time spent in this place.
 C = Inter-level travel time spent in this place.
 D = Time resting spent in this place.
 E = Time spent auto-exploring this place.
 F = Levels seen in this place.
 G = Mean time per level.
                   A        B        C        D        E       F      G
               +--------+--------+--------+--------+--------+-----+--------+
         Total |   2221 |   2212 |      9 |    263 |   1460 |   4 |  555.2 |
       Dungeon |   2028 |   2019 |      9 |    263 |   1343 |   3 |  676.0 |
         Sewer |    193 |    193 |      0 |      0 |    117 |   1 |  193.0 |
               +--------+--------+--------+--------+--------+-----+--------+

Top non-repeatable levels by time:
     D:2: 985 daAuts
     D:1: 877 daAuts
   Sewer: 193 daAuts
     D:3: 164 daAuts
